Map: Stargazers

Players

HondaCivic - Winner!

  • Race: Protoss Protoss
  • League: Master
  • Spawn Location: 1:00

DisReSpeCT

  • Race: Terran Terran
  • League: Grandmaster
  • Spawn Location: 11:00

VOD

Have the link to the VOD?

Description

Time

  • Played on: Nov. 6, 2022, 1:46 p.m.
  • Length: 15:36
Show
View Real Time Build Order
Export as new Build Order

HondaCivic Protoss - Winner!

Build Orders: 1 Gate Expand, Blink Stalkers, Colossus Rush 

Get SALT Encoding   

  12  0:03  Probe  
  13  0:15  Probe  
  13  0:20  Pylon  
  14  0:27  Probe (Chrono Boost)  
  15  0:38  Gateway  
  15  0:39  Probe (Chrono Boost)  
  16  0:47  Probe (Chrono Boost)  
  16  0:48  Assimilator  
  17  0:53  Probe  
  18  1:05  Probe  
  19  1:17  Probe  
  20  1:25  Cybernetics Core  
  20  1:32  Nexus  
  20  1:42  Pylon  
  20  1:44  Probe  
  20  1:55  Assimilator  
  20  1:56  Probe  
  21  2:03  Stalker  
  21  2:06  Warp Gate  
  23  2:09  Probe (Chrono Boost)  
  24  2:21  Probe (Chrono Boost)  
  25  2:27  Twilight Council  
  25  2:29  Probe (Chrono Boost)  
  26  2:35  Stalker  
  26  2:36  Probe (Chrono Boost)  
  29  2:44  Probe (Chrono Boost)  
  31  2:53  Probe x2 (Chrono Boost)  
  31  2:56  Gateway  
  32  2:58  Probe (Chrono Boost)  
  32  2:59  Probe  
  32  3:03  Blink (Chrono Boost)  
  34  3:10  Probe  
  34  3:11  Probe  
  36  3:22  Probe  
  36  3:23  Probe  
  36  3:24  Robotics Facility  
  38  3:35  Probe x2  
  40  3:47  Probe x2  
  42  3:54  Pylon  
  42  3:56  Nexus  
  42  3:59  Probe  
  42  4:00  Probe  
  42  4:01  Pylon  
  42  4:05  Stalker  
  42  4:08  Stalker  
  46  4:12  Probe x2  
  46  4:13  Observer  
  46  4:14  Shield Battery  
  49  4:19  Assimilator  
  49  4:24  Probe x2  
  49  4:29  Stalker  
  53  4:31  Stalker  
  53  4:36  Probe x2  
  57  4:42  Pylon  
  57  4:44  Assimilator  
  57  4:48  Robotics Bay  
  57  4:49  Probe x2  
  57  4:52  Pylon  
  59  4:53  Stalker  
  61  5:01  Probe x2  
  63  5:07  Gateway  
  63  5:08  Gateway  
  63  5:12  Probe  
  63  5:13  Probe  
  65  5:17  Forge  
  65  5:18  Charge  
  65  5:23  Observer  
  65  5:38  Colossus (Chrono Boost)  
  65  5:39  Probe  
  65  5:42  Stalker, Sentry  
  64  5:43  Probe  
  64  5:46  Protoss Ground Weapons Level 1 (Chrono Boost)  
  64  5:49  Probe  
  66  5:51  Probe, Shield Battery  
  66  5:52  Shield Battery  
  66  5:55  Probe  
  68  5:58  Gateway  
  68  6:01  Probe  
  68  6:03  Stalker x2  
  72  6:06  Stalker x2  
  75  6:25  Probe  
  82  6:29  Zealot x2  
  82  6:30  Zealot x2  
  82  6:31  Probe  
  72  6:51  Stalker x2  
  72  6:57  Probe  
  72  6:59  Pylon, Probe (Chrono Boost)  
  72  7:00  Colossus (Chrono Boost), Probe (Chrono Boost)  
  75  7:04  Stalker x2  
  79  7:12  Nexus, Probe (Chrono Boost)  
  79  7:13  Pylon, Extended Thermal Lance  
  79  7:14  Probe (Chrono Boost)  
  82  7:17  Gateway, Probe (Chrono Boost)  
  82  7:18  Gateway, Sentry x2  
  82  7:20  Probe (Chrono Boost)  
  88  7:23  Probe (Chrono Boost)  
  88  7:24  Probe (Chrono Boost)  
  88  7:26  Probe  
  88  7:27  Pylon  
  90  7:30  Assimilator  
  90  7:33  Assimilator, Probe  
  90  7:35  Probe  
  92  7:39  Pylon, Probe  
  92  7:41  Gateway  
  92  7:43  Gateway  
  93  7:45  Shield Battery, Probe  
  93  7:47  Probe  
  93  7:51  Colossus (Chrono Boost), Probe  
  96  7:57  Protoss Ground Armor Level 1 (Chrono Boost)  
  102  7:59  Stalker x2  
  93  8:12  Probe (Chrono Boost)  
  86  8:16  Pylon, Probe (Chrono Boost)  
  86  8:17  Probe (Chrono Boost)  
  87  8:20  Pylon  
  87  8:24  Probe (Chrono Boost)  
  87  8:26  Probe (Chrono Boost)  
  91  8:30  Probe (Chrono Boost)  
  91  8:31  Probe (Chrono Boost)  
  91  8:32  Probe (Chrono Boost)  
  91  8:33  Pylon  
  92  8:35  Pylon, Zealot  
  92  8:40  Zealot  
  92  8:41  Disruptor (Chrono Boost), Zealot  
  98  8:43  Probe  
  98  8:44  Probe x2  
  98  8:45  Probe  
  105  8:52  Templar Archives  
  105  8:55  Probe  
  105  8:56  Probe x2  
  105  8:57  Probe  
  109  9:07  Probe  
  109  9:08  Disruptor (Chrono Boost), Probe  
  109  9:09  Probe x2  
  113  9:10  Pylon  
  116  9:18  Pylon, Psionic Storm, Robotics Facility  
  116  9:20  Probe (Chrono Boost)  
  116  9:23  Probe x2 (Chrono Boost)  
  120  9:25  Probe (Chrono Boost)  
  120  9:27  Pylon  
  121  9:32  Probe (Chrono Boost)  
  121  9:37  Probe x2 (Chrono Boost)  
  123  9:38  Probe (Chrono Boost)  
  123  9:41  Probe (Chrono Boost)  
  123  9:45  Probe x2  
  127  9:47  Forge  
  127  9:48  Dark Shrine  
  127  9:49  Probe  
  125  9:53  Assimilator, Probe  
  125  9:57  Assimilator  
  126  10:03  Nexus  
  129  10:08  Disruptor (Chrono Boost)  
  129  10:13  Disruptor (Chrono Boost)  
  129  10:17  Probe  
  129  10:21  Zealot x5  
  135  10:22  Zealot x4  
  135  10:28  Protoss Ground Armor Level 2 (Chrono Boost), Protoss Ground Weapons Level 2 (Chrono Boost)  
  150  10:32  Probe  
  151  10:37  Disruptor  
  151  10:38  Probe  
  151  10:40  Gateway  
  155  10:42  Gateway  
  155  10:44  Photon Cannon  
  155  10:45  High Templar x3  
  159  10:55  Archon  
  148  11:02  Disruptor  
  148  11:03  Stalker x2  
  148  11:04  Stalker x2  
  143  11:09  Zealot x2  
  145  11:12  Disruptor  
  146  11:22  Probe  
  146  11:23  Probe x2  
  149  11:27  Shadow Stride (Chrono Boost)  
  149  11:28  High Templar x2  
  149  11:29  High Templar, Probe  
  156  11:34  High Templar  
  156  11:37  Assimilator  
  161  11:41  Assimilator  
  161  11:42  Pylon  
  161  11:43  Zealot x7  
  161  11:44  Disruptor (Chrono Boost)  
  159  12:01  Probe  
  153  12:04  Disruptor (Chrono Boost)  
  156  12:09  Photon Cannon  
  156  12:15  Disruptor (Chrono Boost), Probe  
  155  12:18  Stalker  
  155  12:19  Stalker x6  
  155  12:20  Probe  
  173  12:22  Pylon  
  173  12:30  Pylon  
  173  12:37  Nexus  
  173  12:38  Pylon  
  173  12:40  Pylon  
  173  12:43  Observer  
  157  13:06  Disruptor  
  157  13:12  Archon x2  
  160  13:13  Dark Templar x2  
  160  13:14  Dark Templar x9  
  160  13:17  Probe  
  183  13:24  Gateway  
  183  13:25  Gateway  
  183  13:28  Disruptor, Gateway  
  183  13:29  Gateway  
  183  13:30  Pylon, Gateway  
  183  13:32  Gateway  
  186  13:40  Pylon  
  186  13:42  Pylon  
  178  13:56  Disruptor  
  178  13:57  High Templar x2  
  178  13:59  High Templar x2  
  189  14:02  Zealot x3  
  189  14:03  Zealot x2  
  189  14:07  Probe  
  123  15:31  Archon  
Show
View Real Time Build Order
Export as new Build Order

DisReSpeCT Terran 

Build Orders:  

Get SALT Encoding   

  12  0:00  SCV  
  13  0:12  SCV  
  14  0:17  Supply Depot  
  14  0:24  SCV  
  15  0:39  SCV  
  15  0:40  Barracks  
  16  0:43  Refinery  
  16  0:51  SCV  
  17  1:03  SCV  
  18  1:15  SCV  
  19  1:27  Orbital Command  
  19  1:29  Marine  
  20  1:39  Command Center  
  20  1:47  Barracks Reactor  
  20  1:54  SCV  
  21  2:04  Supply Depot  
  21  2:05  Factory  
  21  2:07  SCV  
  22  2:19  SCV  
  22  2:20  Barracks  
  23  2:25  Marine x2  
  25  2:31  SCV  
  25  2:34  Bunker  
  26  2:43  SCV, Marine x2  
  29  2:49  Factory Tech Lab  
  29  2:52  Barracks  
  29  3:00  Orbital Command  
  29  3:06  Marine x2  
  31  3:13  Cyclone  
  31  3:15  Barracks Tech Lab  
  31  3:18  SCV  
  35  3:20  Refinery  
  35  3:26  SCV  
  36  3:27  Marine x2  
  36  3:32  Supply Depot  
  39  3:34  SCV  
  39  3:38  Stimpack  
  38  3:43  SCV  
  38  3:44  Marine  
  40  3:50  Marine x2  
  40  3:51  Marine  
  43  3:59  SCV x2  
  43  4:00  Combat Shield  
  45  4:06  Supply Depot, Marine  
  45  4:08  Marine  
  47  4:10  Marine  
  47  4:11  SCV x2  
  47  4:15  Marine  
  51  4:18  Starport  
  51  4:23  SCV x2  
  53  4:24  Marine  
  53  4:27  Marine, Factory Reactor  
  53  4:30  Supply Depot  
  55  4:35  Marauder, SCV  
  58  4:39  Marine  
  58  4:41  SCV  
  58  4:42  Marauder  
  62  4:50  Supply Depot  
  62  4:52  SCV  
  63  4:53  SCV  
  63  4:54  Supply Depot  
  64  5:02  Marine  
  64  5:03  Marauder  
  64  5:04  Marauder, SCV  
  70  5:11  SCV  
  70  5:12  Medivac  
  70  5:13  Marine  
  74  5:15  Supply Depot  
  74  5:16  SCV  
  74  5:20  Marine, Refinery  
  76  5:24  Supply Depot, SCV  
  75  5:34  Marauder x2, Marine  
  75  5:35  Factory Reactor  
  80  5:38  Marine  
  79  5:42  SCV  
  79  5:43  SCV  
  80  5:51  Supply Depot  
  80  5:55  Supply Depot, SCV x2, Marine  
  80  5:56  Marauder, Engineering Bay  
  85  6:02  Medivac  
  85  6:03  Concussive Shells  
  87  6:07  SCV x2  
  89  6:12  Refinery  
  89  6:14  Supply Depot  
  89  6:15  Marauder, Marine  
  92  6:25  Marine  
  94  6:26  Marauder, Widow Mine  
  94  6:29  SCV x2  
  99  6:36  Marauder  
  89  6:41  SCV  
  77  6:49  Marauder, Marine  
  77  6:50  Medivac, Widow Mine x2  
  85  6:57  Marauder, SCV  
  86  7:03  Command Center  
  86  7:07  SCV  
  87  7:09  SCV, Terran Infantry Weapons Level 1  
  87  7:10  Marine x2  
  87  7:11  Marauder  
  92  7:19  SCV  
  92  7:21  SCV, Barracks  
  92  7:22  Barracks  
  94  7:28  Marauder, Marine x2  
  102  7:30  Medivac, Widow Mine x2  
  102  7:31  SCV  
  105  7:39  SCV  
  105  7:41  Supply Depot, Ghost Academy  
  105  7:43  Marauder  
  108  7:46  Marine x2  
  108  7:50  Marauder  
  112  8:04  Marine  
  112  8:05  Marauder  
  115  8:06  Marine  
  115  8:07  Widow Mine  
  115  8:08  Widow Mine, Viking x2  
  115  8:11  Marauder  
  116  8:15  Barracks Tech Lab  
  116  8:17  Barracks Reactor  
  116  8:18  SCV x2  
  118  8:26  Marauder  
  118  8:30  SCV x2  
  118  8:31  Marine  
  118  8:32  Marine  
  118  8:33  Enhanced Shockwaves, Widow Mine x2, Marine  
  127  8:35  Marauder  
  127  8:39  Orbital Command  
  129  8:42  Missile Turret  
  129  8:44  Medivac  
  129  8:46  Viking  
  129  8:47  Marine  
  134  8:49  Marine  
  135  8:56  SCV x2  
  135  8:58  Marauder x2, Marine x2  
  143  9:02  Supply Depot  
  143  9:03  Supply Depot  
  143  9:04  Refinery  
  143  9:07  SCV  
  143  9:08  SCV, Marine, Refinery  
  143  9:09  Marauder  
  148  9:13  Marine  
  149  9:24  Viking x2  
  149  9:26  Supply Depot  
  149  9:29  Supply Depot  
  149  9:30  Ghost  
  149  9:31  Ghost, Marine x2  
  158  9:34  Marine x3  
  158  9:35  SCV x2  
  143  9:38  Missile Turret  
  143  9:39  Missile Turret  
  143  9:50  Marine x2  
  145  9:53  Marauder  
  145  9:57  Viking x2, Marine x2  
  145  9:58  SCV  
  154  10:00  Supply Depot  
  154  10:01  SCV, Terran Infantry Armor Level 1  
  155  10:17  Marine  
  155  10:18  Marauder x2, Marine  
  161  10:25  Marauder, Marine  
  164  10:32  SCV  
  164  10:33  SCV x2  
  167  10:40  Marauder x2, Marine x2  
  173  10:45  Barracks x2  
  173  10:46  Command Center, Barracks  
  132  11:04  Marauder, Marine  
  132  11:05  Marauder x2, Widow Mine, Medivac x2, Marine x3  
  132  11:06  Widow Mine  
  132  11:09  SCV x3  
  146  11:22  Marine  
  146  11:23  Marine x2  
  146  11:25  SCV x3  
  151  11:26  Marauder x3  
  151  11:30  Marine  
  151  11:32  Widow Mine x2  
  163  11:40  Marine x2  
  163  11:41  Armory  
  163  11:43  Engineering Bay  
  163  11:46  Ghost x2  
  140  11:58  Marauder, Barracks Tech Lab x2, Marine  
  140  11:59  Barracks Reactor  
  140  12:00  SCV  
  140  12:01  SCV x2, Planetary Fortress  
  129  12:02  Missile Turret  
  128  12:12  Marine x2  
  128  12:13  Marine  
  128  12:14  Widow Mine x2, Viking x2  
  139  12:16  Marauder  
  139  12:21  Refinery  
  139  12:22  Refinery  
  141  12:23  Ghost x2, Marauder, Marine x2, Command Center  
  149  12:31  Marine x3  
  149  12:35  Marine x2  
  149  12:36  Widow Mine x2  
  154  12:44  Viking x2  
  132  13:02  Marauder, Marine x4  
  132  13:04  Widow Mine x2, Marine  
  132  13:05  Marauder x2, Marine  
  148  13:16  Marauder x2, Viking x2  
  156  13:20  Terran Ship Weapons Level 1, Marine x2  
  156  13:21  Personal Cloaking  
  156  13:25  Marine x2  
  156  13:26  Marauder x2, Marine  
  165  13:27  Widow Mine  
  165  13:29  Supply Depot  
  165  13:33  Marauder  
  169  13:37  Marauder  
  167  13:54  Marine  
  167  13:55  Marauder x2  
  158  14:06  Ghost x2, Marine  
  158  14:07  Marauder, Marine x3  
  158  14:08  Medivac x2, Widow Mine x2  
  176  14:16  Marauder  
  164  14:43  Planetary Fortress  
  103  15:08  Marauder x5, Marine x6  
Tags
 
Add a new tag
Caveats
  • Supply blocks, unpowered buildings, or Contaminate may cause inaccurate times.
  • Supply counts are checked every 10 seconds.